 Seeded DCSS version 0.32-a0-913-g739538afd8 (webtiles) character file.

Game seed: 17073724502869601980 (custom seed)

5141 timneilson the Thaumaturge (level 10, -15/56 HPs)
             Began as a Deep Elf Conjurer on Apr 9, 2024.
             Was an Initiate of Gozag.
             Shot with an arrow by a centaur warrior (17 damage)
             ... on level 9 of the Dungeon.
             The game lasted 00:38:45 (11419 turns).

timneilson the Thaumaturge (Deep Elf Conjurer)     Turns: 11419, Time: 00:38:46

Health: -15/56     AC:  6    Str:  4    XL:     10   Next: 33%
Magic:  33/33      EV: 15    Int: 34    God:    Gozag
Gold:   1366       SH:  5    Dex: 16    Spells: 15/26 levels left

rFire   . . .        f - +0 dagger (drain)
rCold   . . .        (no shield)
rNeg    + + .        x - +2 robe {rF+}
rPois   +            i - +2 hat
rElec   .            (no cloak)
rCorr   .            (no gloves)
SInv    .            (no boots)
Will    +....        C - amulet of Ephemeral Luck {Reflect rPois rF- rN++ Dex+3 Slay+3 SH+5}
Stlth   +++          D - +6 ring of intelligence
HPRegen 0.29/turn    y - ring of magical power
MPRegen 0.23/turn

%: reflection
@: about to teleport
A: no striking features
a: Renounce Religion, Potion Petition, Call Merchant, Bribe Branch


You were on level 9 of the Dungeon.
You worshipped Gozag.
Gozag was most pleased with you.
You visited 2 branches of the dungeon, and saw 10 of its levels.

You collected 4043 gold pieces.
You spent 1038 gold pieces at shops.
You paid 1639 gold pieces to Gozag.

Inventory:

Hand Weapons
 f - a +0 dagger of draining (weapon)
Missiles
 a - a curare-tipped dart
 v - 24 poisoned darts
 B - 3 throwing nets
Armour
 i - a +2 hat (worn)
 x - a +2 robe of fire resistance (worn)
Jewellery
 j - a ring of see invisible
 m - a ring of resist corrosion
 y - a ring of magical power (right hand)
 C - the amulet of Ephemeral Luck (around neck) {Reflect rPois rF- rN++ Dex+3 Slay+3 SH+5}
   (You bought it in a shop on level 8 of the Dungeon)

   [amulet of reflection]

   Reflect:   It reflects blocked missile attacks.
   Dex+3:     It affects your dexterity (+3).
   Slay+3:    It affects your accuracy & damage with ranged weapons and melee
   (+3).
   rF-:       It makes you vulnerable to fire.
   rPois:     It protects you from poison.
   rN++:      It greatly protects you from negative energy.
   SH+5:      It affects your SH (+5).
 D - a +6 ring of intelligence (left hand)
Wands
 k - a wand of roots (21)
 u - a wand of quicksilver (10)
 w - a wand of flame (17)
 E - a wand of mindburst (8)
Scrolls
 o - 2 scrolls of amnesia
 q - a scroll of fear
 A - a scroll of revelation {unknown}
Potions
 b - 2 potions of magic
 c - 2 potions of haste {unknown}
 d - a potion of mutation {unknown}
 e - 2 potions of lignification
 g - 2 potions of might
 h - 4 potions of curing {unknown}
 l - a potion of degeneration {unknown}
 n - 2 potions of berserk rage
 p - a potion of enlightenment {unknown}
 r - 2 potions of ambrosia
 s - 2 potions of attraction {unknown}
 t - a potion of heal wounds {unknown}


   Skills:
 + Level 3.7 Fighting
 + Level 3.6 Armour
 * Level 7.8 Dodging
 + Level 6.4 Stealth
 * Level 8.6 Spellcasting
 * Level 8.3 Conjurations
 + Level 4.4 Translocations
 + Level 4.0 Alchemy
 + Level 4.5 Evocations


You had 15 spell levels left.
You knew the following spells:

 Your Spells              Type           Power      Damage    Failure   Level
a - Magic Dart            Conj           100%       1d8       1%          1
b - Searing Ray           Conj           100%       2d8       1%          2
c - Fulminant Prism       Conj/Alch      27%        3d14      2%          4
d - Iskenderun's Mystic   Conj/Tloc      55%        2d12      (+2d62%     4

Your spell library contained the following spells:

 Spells                   Type           Power      Damage    Failure   Level
 Sting                    Conj/Alch      100%       1d9       1%          1
 Mercury Vapours          Alch/Air       56%        N/A       1%          2
 Volatile Blastmotes      Fire/Tloc      58%        2d14      3%          3
 Olgreb's Toxic Radiance  Alch           42%        N/A       6%          4
 Summon Ice Beast         Ice/Summ       14%        N/A       9%          3
 Summon Mana Viper        Hex/Summ       14%        N/A       63%         5
 Monstrous Menagerie      Summ           7%         N/A       100%        7


Dungeon Overview and Level Annotations

Branches:
Dungeon (9/15)             Temple (1/1) D:5            Lair (0/5) D:9
    Orc: D:9-12

Altars:
Ashenzari
Cheibriados
Dithmenos
Elyvilon
Fedhas
Gozag
Hepliaklqana
Kikubaaqudgha
Makhleb
Nemelex Xobeh
Okawaru
Qazlal
Ru
Sif Muna
Trog
Uskayaw
Vehumet
Wu Jian
Xom
Yredelemnul
Zin
The Shining One

Shops:
D:5 :   D:7 [   D:8 =


Message History

The centaur warrior shoots an arrow.
The arrow completely misses you.
The centaur warrior shoots an arrow.
The arrow hits you!
There is a stone staircase leading up, spattered with blood here.
The centaur warrior shoots an arrow.
The arrow misses you.
You climb upwards.
There is a stone staircase leading down here.
You start resting.
Magic restored.
You start resting.
HP restored.
You climb downwards.
The centaur warrior shoots an arrow.
The arrow hits you!
The centaur warrior shoots an arrow.
The arrow hits you!!
* * * LOW HITPOINT WARNING * * *
There is a stone staircase leading up, spattered with blood here.
The centaur warrior shoots an arrow.
The arrow hits you!
* * * LOW HITPOINT WARNING * * *
You climb upwards.
There is a stone staircase leading down here.
You start resting.
HP restored.
There is a stone staircase leading down here.
You climb downwards.
There is a stone staircase leading up here.
Found 14 gold pieces.
Found a staircase to the Lair.
A two-headed ogre comes into view.
It is wielding a +0 dire flail and a +0 giant spiked club.
The two-headed ogre moves out of view.
The centaur warrior shoots an arrow.
The arrow barely misses you.
The centaur warrior shoots an arrow.
The arrow hits you!
The centaur warrior shoots an arrow.
The arrow hits you!!
Unknown command.
As you read the scroll of teleportation, it crumbles to dust.
You feel strangely unstable.
The centaur warrior shoots an arrow.
The arrow hits you!
* * * LOW HITPOINT WARNING * * *
The centaur warrior shoots an arrow.
The arrow hits you.
* * * LOW HITPOINT WARNING * * *
The centaur warrior shoots an arrow.
The arrow hits you!
You die...
Your body crumbles into a pile of gold.

#.....#........ #.....#........
###.....#........
#........#......# ......
#####........#......#
......##....................
.......#...............###..
........#............#...≈...
###........#...@.......#..#...#.
##.+........#...........#.##.PP##
.?.#........#...........#....PPP.
........................#≈.P.>...
........#...#...........#..PP.PP.
...................######.##..P#
........###......#.######..#...#.
..........$....c.........#...≈...
..........#.................###..


You could see a centaur warrior.

Vanquished Creatures
  A skeletal warrior (D:9)
  Joseph (D:8)
  5 yaks (D:8)
  2 steam dragons (D:9)
  3 water moccasins
  2 orc warriors
  A black bear (D:6)
  An ogre (D:6)
  3 centaurs
  2 phantoms
  2 kobold brigands
  2 scorpions (D:5)
  3 bullfrogs
  2 gnoll sergeants
  3 wights (D:7)
  3 killer bees (D:7)
  4 howler monkeys
  4 hounds
  9 orc priests
  2 gnoll boudas (D:8)
  2 sleepcaps
  3 iguanas
  6 orc wizards
  24 gnolls
  11 adders
  A shadow imp (D:8)
  A white imp (D:7)
  2 ufetubi (D:6)
  3 dart slugs
  39 orcs
  8 endoplasms
  5 giant cockroaches
  8 hobgoblins
  11 jackals
  4 quokkas
  3 ball pythons
  11 bats
  7 frilled lizards
  6 goblins
  22 kobolds
  5 rats
237 creatures vanquished.

Vanquished Creatures (others)
  11 fulminant prisms
11 creatures vanquished.

Grand Total: 248 creatures vanquished

Notes
Turn   | Place    | Note
-------+----------+-------------------------------------------
     0 | D:1      | timneilson the Deep Elf Conjurer began the quest for the
                  | Orb.
     0 | D:1      | Reached XP level 1. HP: 10/10 MP: 6/6
   152 | D:1      | Identified a scroll of acquirement
   152 | D:1      | Acquired 1276 gold pieces
   455 | D:1      | Reached XP level 2. HP: 15/15 MP: 6/8
  1021 | D:3      | Found a faded altar of an unknown god.
  1072 | D:3      | Learned a level 2 spell: Searing Ray
  1140 | D:4      | Acquired 1061 gold pieces
  1149 | D:4      | Reached XP level 3. HP: 20/20 MP: 6/9
  1153 | D:5      | Entered Level 5 of the Dungeon
  1162 | D:5      | Found a staircase to the Ecumenical Temple.
  1170 | Temple   | Entered the Ecumenical Temple
  1189 | Temple   | Became a worshipper of Gozag Ym Sagoz the Greedy
  1895 | D:2      | Reached XP level 4. HP: 24/24 MP: 8/11
  1946 | D:2      | Reached skill level 1 in Evocations
  2656 | D:3      | Reached skill level 1 in Fighting
  2664 | D:3      | Learned a level 4 spell: Fulminant Prism
  2672 | D:3      | Reached skill level 5 in Conjurations
  2783 | D:3      | Found a radiant altar of Vehumet.
  3410 | D:3      | Learned a level 4 spell: Iskenderun's Mystic Blast
  3747 | D:4      | Reached XP level 5. HP: 29/29 MP: 11/13
  4030 | D:4      | Reached skill level 1 in Armour
  4555 | D:5      | Noticed a phantom
  4566 | D:4      | Killed a phantom
  4567 | D:4      | Reached XP level 6. HP: 19/34 MP: 3/14
  4935 | D:5      | Noticed a water moccasin
  4955 | D:5      | Killed a water moccasin
  4956 | D:5      | Reached skill level 5 in Spellcasting
  4956 | D:5      | Reached skill level 1 in Translocations
  4956 | D:5      | Reached XP level 7. HP: 12/39 MP: 1/16
  5324 | D:5      | Reached skill level 1 in Alchemy
  5938 | D:6      | Reached skill level 5 in Dodging
  6171 | D:6      | Reached XP level 8. HP: 23/44 MP: 4/18
  7287 | D:7      | Found an iron altar of Okawaru.
  7349 | D:7      | Found a shimmering blue altar of Sif Muna.
  7612 | D:7      | Reached skill level 5 in Stealth
  8208 | D:7      | Reached XP level 9. HP: 49/49 MP: 20/21
  8506 | D:7      | Found a broken altar of Ashenzari.
  9048 | D:7      | Bought a +2 robe of fire resistance for 212 gold pieces
  9347 | D:8      | Found Idowidgh's Jewellery Emporium.
  9353 | D:8      | Bought the amulet of Ephemeral Luck {Reflect rPois rF- rN++
                  | Dex+3 Slay+3 SH+5} for 826 gold pieces
  9483 | D:8      | Noticed Joseph
  9495 | D:8      | HP: 2/51 [Joseph/+0 quarterstaff (17)]
  9759 | D:8      | Found a stormy altar of Qazlal.
  9759 | D:8      | Found a bloodstained altar of Trog.
  9761 | D:8      | Found an ornate altar of the Wu Jian Council.
  9788 | D:8      | Killed Joseph
  9965 | D:8      | Identified the +5 long sword of Fear {distort, rC+}
 10110 | D:8      | Reached XP level 10. HP: 56/56 MP: 24/24
 11042 | D:9      | Noticed a skeletal warrior
 11064 | D:9      | Killed a skeletal warrior
 11066 | D:9      | Noticed a centaur warrior
 11399 | D:9      | Found a staircase to the Lair.
 11413 | D:9      | Noticed a two-headed ogre
 11417 | D:9      | HP: 1/56 [centaur warrior/arrow (3)]
 11419 | D:9      | Shot with an arrow by a centaur warrior

Illustrated notes

Levels and vault maps discovered:
D:1:      lightli_arrival_windingriver, layout_loops_ring
D:2:      layout_basic, dk_noncrumbling_3
D:3:      layout_loops_corners, mainiacjoe_overflow_boulevard,
          shapermc_ecumenical_altar_gd, minmay_misc_feat_alley, st_stairs_8
D:4:      layout_gridville, lemuel_flame_loot_1
D:5:      layout_basic, minmay_temple_entry_stoned_glass
D:6:      layout_basic, grunt_decor_mini_mirrors
D:7:      layout_loops_cross, mainiacjoe_overflow_six_doors_small,
          lemuel_round_altar, lemuel_blue_sif_altar
D:8:      layout_cave_pools, gammafunk_temple_overflow_claw, serial_shops, shop,
          hangedman_abyss_or_decor_passed, fungi_pond_lemuel, uniq_joseph
D:9:      layout_basic, dpeg_oklobed_lair, minmay_ruined_shrine
Temple:   nicolae_temple_superstar

Skill      XL: |  1  2  3  4  5  6  7  8  9 10 |
---------------+-------------------------------+-----
Dodging        | 3 4 5 6 7 |  7.8
Evocations     | 1 2 3 4 |  4.5
Fighting       | 1 2 3 |  3.7
Stealth        | 3 4 5 6 |  6.4
Conjurations   | 5 6 7 8 |  8.3
Spellcasting   | 4 5 6 8 |  8.6
Armour         | 1 2 3 |  3.6
Translocations | 1 2 3 4 |  4.4
Alchemy        | 1 2 3 4 |  4.0

Action                     |  1- 3 |  4- 6 |  7- 9 | 10-12 || total
---------------------------+-------+-------+-------+-------++-------
  Melee: Dagger            |     8 |    19 |    20 |       ||    47
   Cast: Magic Dart        |    75 |    79 |    94 |    14 ||   262
         Searing Ray       |       |    23 |    76 |    14 ||   113
         Iskenderun's Myst |       |       |     4 |     5 ||     9
         Fulminant Prism   |       |       |     2 |     9 ||    11
 Invoke: Call Merchant     |       |       |     2 |       ||     2
    Use: Scroll            |     4 |     5 |     7 |     3 ||    19
   Stab: Sleeping          |       |     1 |       |       ||     1
         Distracted        |       |       |     1 |       ||     1
 Armour: Robe              |    16 |    27 |    69 |    29 ||   141
  Dodge: Dodged            |    15 |    25 |    82 |    22 ||   144
  Block: Other             |       |       |     4 |    12 ||    16
         Reflection        |       |       |       |     3 ||     3

Table legend: (Time is in decaauts)
 A = Elapsed time spent in this place.
 B = Non-inter-level travel time spent in this place.
 C = Inter-level travel time spent in this place.
 D = Time resting spent in this place.
 E = Time spent auto-exploring this place.
 F = Levels seen in this place.
 G = Mean time per level.
                   A        B        C        D        E       F      G
               +--------+--------+--------+--------+--------+-----+--------+
         Total |  11432 |  11030 |    402 |   2848 |   4818 |  10 | 1143.2 |
       Dungeon |  11394 |  11010 |    384 |   2848 |   4818 |   9 | 1266.0 |
        Temple |     38 |     20 |     18 |      0 |      0 |   1 |   38.0 |
               +--------+--------+--------+--------+--------+-----+--------+

Top non-repeatable levels by time:
     D:7: 1926 daAuts
     D:8: 1784 daAuts
     D:4: 1406 daAuts
     D:6: 1355 daAuts
     D:2: 1318 daAuts
     D:3: 1217 daAuts
     D:5: 1049 daAuts
     D:1: 874 daAuts
     D:9: 462 daAuts
  Temple: 38 daAuts
